AoeStats
← 叫我靓仔啊 扑街

Nomad

510345196Analyzed
4v4 RM · 2d ago on Sep 30, 2026· 19m 41s· 8 players
Game mode
Random Map
Map size
231×231
Population
200
Speed
Normal
Resources
Standard
Victory
Conquest
Starting age
Dark Age
Ending age
Imperial Age
RankedLock teamsTeams togetherTeam positionsShared explorationLock speedFull tech treeHidden civsTurbo modeCheats
Victory
Defeat
🇦🇷 Huns · Argentina
1451
+14
🇧🇷 Maya · Brazil
1444
+14
🇭🇺 Turks · Hungary
1438
+15
🇬🇧 Persians · United Kingdom
1420
+15
1468
-16
🇨🇳 Japanese · China
1423
-15
🇨🇳 Varangians · China
1390
-14
🇨🇳 Spanish · China
1360
-13
PZ|NagyGeri1
3:20 Loom
14:16 Feudal Age
16:00 Double-Bit Axe
17:18 Town Watch
18:13 Fletching
19:21 Horse Collar
Newlife
4:20 Loom
13:22 Feudal Age
13:45 Fishing Lines
14:44 Wheelbarrow
13:57 Double-Bit Axe
22:06 Castle Age
willrhyd
10:14 Loom
12:30 Feudal Age
15:53 Castle Age
14:22 Fletching
15:26 Gold Mining
15:32 Double-Bit Axe
16:09 Padded Archer Armor
16:17 Bodkin Arrow
16:34 Bow Saw
elchinaleikazo
3:23 Loom
3:23 Loom
4:28 Loom
17:09 Feudal Age
V我50%匡扶汉室
5:28 Loom
15:16 Feudal Age
16:07 Double-Bit Axe
16:18 Fishing Lines
20:36 Castle Age
涅槃重生
4:56 Loom
13:24 Feudal Age
13:39 Man-at-Arms
14:05 Arson
叫我靓仔啊 扑街
3:54 Loom
16:43 Feudal Age
old f1sh
4:11 Loom
15:39 Feudal Age
20:20 Castle Age
Connection lost

Rejoining the realm…

Still unreachable

The connection could not be restored.

Session expired

The server has moved on; the page needs a fresh start.